 Dungeon Sprint DCSS version 0.31-a0-963-ga325b2283a (webtiles) character file.

Game seed: 8418744467365249692

912 sircluck the Grappler (level 7, -2/121 HPs)
             Began as a Troll Berserker on Oct 25, 2023.
             Was a High Priest of Trog.
             Slain by a manticore (9 damage)
             ... in the Dungeon (Sprint VII: "The Pits").
             The game lasted 00:01:03 (413 turns).

sircluck the Grappler (Troll Berserker)              Turns: 413, Time: 00:01:05

Health: -2/121     AC:  4    Str: 28    XL:     7   Next: 82%
Magic:  6/6        EV: 12    Int:  3    God:    Trog [*****.]
Gold:   0          SH:  0    Dex:  9    Spells: 6/6 levels left

rFire   . .          .
                       - Unarmed
rCold   . . .        (no shield)
rNeg    . . .        a - +0 animal skin
rPois   .            (helmet restricted)
rElec   .            (no cloak)
rCorr   .            (gloves unavailable)
SInv    .            (boots unavailable)
Will    .....        (no amulet) Stlth
                     (no ring)
HPRegen 1.20/turn    (no ring)
MPRegen 0.10/turn

%: no teleportation
@: berserking (expiring), very quick
A: large, unfitting armour, claws 3, regeneration 1, shaggy fur 1, tough skin 1
a: Renounce Religion, Berserk, Trog's Hand, Brothers in Arms


You were in the Dungeon.
You worshipped Trog.
Trog was extremely pleased with you.
You visited 1 branch

Inventory:

Armour
 a - a +0 animal skin (worn)
Scrolls
 g - a scroll of blinking
 i - 2 scrolls of vulnerability
 j - a scroll of summoning
Potions
 b - 6 potions of curing
 c - 5 potions of heal wounds
 d - a potion of haste
 e - 4 potions of magic
 f - 3 potions of berserk rage
 h - 2 potions of invisibility


   Skills:
 + Level 8.9 Fighting
 + Level 8.7 Dodging
 + Level 10.4 Unarmed Combat


You had 6 spell levels left.
You didn't know any spells.
Your spell library was empty.

Dungeon Overview and Level Annotations

Branches:
Dungeon (1/1)

Altars:
Ashenzari
Cheibriados
Dithmenos
Elyvilon
Fedhas
Gozag
Hepliaklqana
Kikubaaqudgha
Makhleb
Nemelex Xobeh
Okawaru
Qazlal
Ru
Sif Muna
Trog
Uskayaw
Vehumet
Wu Jian
Xom
Yredelemnul
Zin
The Shining One
Jiyva
Lugonu


Innate Abilities, Weirdness & Mutations

You are too large for most types of armour.
You have claws for hands.
Your natural rate of healing is unusually fast.
You are covered in fur. (AC +1)
You have tough skin. (AC +1)


Message History

You are caught in a web!
You are caught in a web!
You are caught in a web!
You are caught in a web!
You are caught in a web!
You struggle to detach yourself from the web.
The manticore bites you!
The manticore claws you but does no damage.
The manticore closely misses you.
The jumping spider leaps!
The web tears apart.
You feel a strong urge to attack something.
You claw the manticore!
The manticore is lightly wounded.
The manticore closely misses you. The manticore barely misses you.
The manticore closely misses you.
You mangle the manticore!!
The manticore is severely wounded.
You hear a howl!
The manticore bites you but does no damage.
The manticore claws you! The manticore closely misses you.
You scratch the manticore. Your claw misses the manticore.
The manticore is severely wounded.
The jumping spider leaps!
The wolf howls!
You scratch the manticore. Your claw misses the manticore.
The manticore is severely wounded.
The manticore bites you! The manticore claws you.
* * * LOW HITPOINT WARNING * * *
The manticore claws you.
* * * LOW HITPOINT WARNING * * *
You scratch the manticore.
The manticore is almost dead.
You closely miss the manticore.
The manticore is almost dead.
The manticore bites you!!
* * * LOW HITPOINT WARNING * * *
The manticore claws you.
* * * LOW HITPOINT WARNING * * *
The manticore claws you!
You die...

#)#.)...#))##.......#
#)#.....#..##.......#
#.####)##'###...<...#
#.#........##.......#
#.#........##.......#
#'###########.......#
#.......#..##########
#..###..#.##
#.......#@#
##.###.##H#
#.......#h'...H+
#..###..#'#....#
#.......†.#....#
########### ####


You could see a manticore and a wolf.

Vanquished Creatures
  A red devil (D)
  A glass eye (D)
  Edmund (D)
  A centaur (D)
  4 scorpions (D)
  A bullfrog (D)
  An iron imp (D)
  An orc (D)
  A giant cockroach (D)
  3 goblins (D)
  A jackal (D)
  2 quokkas (D)
  2 frilled lizards (D)
  A quokka skeleton (D)
21 creatures vanquished.

Notes
Turn   | Place    | Note
-------+----------+-------------------------------------------
     0 | D        | sircluck the Troll Berserker began the quest for the Orb.
     0 | D        | Reached XP level 1. HP: 22/22 MP: 0/0
    22 | D        | Found a bloodstained altar of Trog.
    22 | D        | Found a shimmering blue altar of Sif Muna.
    22 | D        | Found a viscous altar of Jiyva.
    22 | D        | Found a hazy altar of Hepliaklqana.
    22 | D        | Found an opulent altar of Gozag.
    23 | D        | Found a glowing golden altar of the Shining One.
    23 | D        | Found a glowing silver altar of Zin.
    23 | D        | Found a basalt altar of Yredelemnul.
    23 | D        | Found a shimmering altar of Xom.
    23 | D        | Found an ornate altar of the Wu Jian Council.
    23 | D        | Found a sacrificial altar of Ru.
    23 | D        | Found a stormy altar of Qazlal.
    23 | D        | Found an iron altar of Okawaru.
    23 | D        | Found a sparkling altar of Nemelex Xobeh.
    23 | D        | Found a burning altar of Makhleb.
    23 | D        | Found a blossoming altar of Fedhas.
    23 | D        | Found a white marble altar of Elyvilon.
    23 | D        | Found a shadowy altar of Dithmenos.
    23 | D        | Found a snail-covered altar of Cheibriados.
    27 | D        | Found a corrupted altar of Lugonu.
    27 | D        | Found a radiant altar of Vehumet.
    28 | D        | Found a broken altar of Ashenzari.
    28 | D        | Found an ancient bone altar of Kikubaaqudgha.
    28 | D        | Found a hide-covered altar of Uskayaw.
    65 | D        | Noticed a scorpion
    73 | D        | Killed a scorpion
    73 | D        | Reached ** piety under Trog
    74 | D        | Reached skill level 5 in Unarmed Combat
    74 | D        | Reached XP level 2. HP: 20/33 MP: 1/1
    74 | D        | Reached XP level 3. HP: 24/40 MP: 2/2
    93 | D        | Noticed a scorpion
    97 | D        | Killed a scorpion
    98 | D        | Reached skill level 5 in Fighting
    98 | D        | Reached skill level 5 in Dodging
    98 | D        | Reached skill level 6 in Unarmed Combat
    98 | D        | Reached XP level 4. HP: 43/50 MP: 3/3
   119 | D        | Noticed Edmund
   119 | D        | Noticed a glass eye
   119 | D        | Noticed a scorpion
   136 | D        | Killed Edmund
   137 | D        | Reached skill level 7 in Unarmed Combat
   137 | D        | Reached XP level 5. HP: 46/61 MP: 4/4
   139 | D        | Reached *** piety under Trog
   140 | D        | Reached skill level 8 in Unarmed Combat
   140 | D        | Reached XP level 6. HP: 46/68 MP: 5/5
   145 | D        | Killed a glass eye
   146 | D        | Reached skill level 9 in Unarmed Combat
   228 | D        | Reached **** piety under Trog
   231 | D        | Reached XP level 7. HP: 79/79 MP: 6/6
   238 | D        | Reached ***** piety under Trog
   265 | D        | Noticed a red devil
   268 | D        | Killed a red devil
   269 | D        | Reached skill level 10 in Unarmed Combat
   279 | D        | Identified the +8 giant club of Troll's Regret {flame,
                  | rCorr Str+2 Dex+2 SInv} (Trog gifted it to you in the
                  | Dungeon)
   279 | D        | Received a gift from Trog
   290 | D        | Noticed a jumping spider
   290 | D        | Noticed a manticore
   413 | D        | Slain by a manticore

Illustrated notes

Levels and vault maps discovered:
D:        pitsprint [storerooms_1, entrance_room_1, metal_vault_3, armoury_1,
          mini_pit_1, grid_room_1, main_hall_1, silver_pit, the_coven_3,
          the_vestibule_1, steel_vault_4, golden_pit, hallway_of_sentries,
          crystal_vault_1, iron_vault_3, final_vault]

Skill      XL: |  1  2  3  4  5  6  7 |
---------------+----------------------+-----
Fighting       | 4 5 6 7 8 |  8.9
Dodging        | 4 5 6 7 8 |  8.7
Unarmed Combat | 5 6 7 8 9 10 | 10.4

Action                     |  1- 3 |  4- 6 |  7- 9 || total
---------------------------+-------+-------+-------++-------
  Melee: Unarmed           |    11 |    28 |    27 ||    66
         Punch             |       |     1 |       ||     1
 Invoke: Berserk           |       |     1 |     1 ||     2
    Use: Potion            |       |     1 |       ||     1
 Armour: Animal skin       |     5 |     7 |    28 ||    40
  Dodge: Dodged            |     3 |    13 |    20 ||    36

Table legend: (Time is in decaauts)
 A = Elapsed time spent in this place.
 B = Non-inter-level travel time spent in this place.
 C = Inter-level travel time spent in this place.
 D = Time resting spent in this place.
 E = Time spent auto-exploring this place.
 F = Levels seen in this place.
 G = Mean time per level.
                   A        B        C        D        E       F      G
               +--------+--------+--------+--------+--------+-----+--------+
         Total |    412 |    412 |      0 |    112 |    136 |   1 |  412.0 |
       Dungeon |    412 |    412 |      0 |    112 |    136 |   1 |  412.0 |
               +--------+--------+--------+--------+--------+-----+--------+

Top non-repeatable levels by time:
       D: 412 daAuts
